 Dungeon Crawl Stone Soup version 0.23.0-3-gf3c87f2 (webtiles) character file.

Game seed: 5718898199029444977

130 Torikoriko the Magician (level 4, -5/24 HPs)
             Began as a Deep Elf Wizard on Feb 20, 2019.
             Shot with an arrow by a centaur (8 damage)
             ... on level 6 of the Dungeon.
             The game lasted 00:12:19 (3124 turns).

Torikoriko the Magician (Deep Elf Wizard)           Turns: 3124, Time: 00:12:19

Health: -5/24      AC:  2    Str:  4    XL:     4   Next: 90%
Magic:  2/13       EV: 13    Int: 24    God:
Gold:   92         SH:  0    Dex: 13    Spells: 2/13 levels left

rFire    . . .     SeeInvis .   a - +0 dagger
rCold    . . .     Gourm    .   (no shield)
rNeg     . . .     Faith    .   g - +0 robe
rPois    .         Spirit   .   b - +0 hat
rElec    .         Reflect  .   (no cloak)
rCorr    .         Harm     .   (no gloves)
MR       .....                  (no boots)
Stlth    ++........             (no amulet)
HPRegen  0.08/turn              (no ring)
MPRegen  0.13/turn              (no ring)

@: no status effects
A: no striking features
a: no special abilities


You were on level 6 of the Dungeon.
You were hungry.

You visited 1 branch of the dungeon, and saw 4 of its levels.

You collected 92 gold pieces.

Inventory:

Hand Weapons
 a - a +0 dagger (weapon)
Armour
 b - a +0 hat (worn)
 g - a +0 robe (worn)
Potions
 c - a potion of magic {unknown}
 h - a potion of agility {unknown}
 j - a potion of might
 k - a potion of ambrosia {unknown}
 m - a potion of mutation
Comestibles
 d - 7 rations


   Skills:
 + Level 3.5 Dodging
 - Level 2.4 Stealth
 + Level 5.2 Spellcasting
 + Level 2.7 Conjurations
 + Level 2.3 Summonings
 + Level 2.2 Translocations


You had 2 spell levels left.
You knew the following spells:

 Your Spells              Type           Power        Failure   Level  Hunger
a - Magic Dart            Conj           ###.         2%          1    None
b - Blink                 Tloc           N/A          5%          2    None
c - Call Imp              Summ           ###.....     4%          2    None
d - Conjure Flame         Conj/Fire      ##......     14%         3    ##.....
x - Mephitic Cloud        Conj/Pois/Air  ##......     19%         3    ##.....

Your spell library contained the following spells:

 Spells                   Type           Power        Failure   Level  Hunger
 Corona                   Hex            #......      9%          1    None
 Ensorcelled Hibernation  Hex/Ice        #.....       13%         2    None
 Slow                     Hex            #.......     13%         2    None
 Dazzling Spray           Conj/Hex       ##....       14%         3    ##.....
 Confuse                  Hex            #.......     26%         3    ##.....
 Tukima's Dance           Hex            #.......     26%         3    ##.....


Dungeon Overview and Level Annotations

Branches:
Dungeon (3/15)

Altars:
Ashenzari
Hepliaklqana
Ru


Message History

The adder bites you but does no damage.
Your shadow imp barely misses the adder.
Your crimson imp hits the adder.
Your shadow imp barely misses the adder.
You hit the adder.
The adder is severely wounded.
The adder bites you but does no damage.
Your shadow imp hits the adder.
You miss the adder.
The adder is almost dead.
The adder bites you.
* * * LOW HITPOINT WARNING * * *
Your crimson imp hits the adder.
The adder dies!
You swap places.
You start resting.
A centaur comes into view.
Your crimson imp blinks!
The centaur wields a +0 shortbow.
The centaur shoots an arrow.
The arrow hits you!
You die...

#### ... ####.############# #
.......(.........#############
.
............5@5......ยง........
# #.#.#.........#.########.....
# #.#.#.#######.#.# ###### #
#.#.#...# #.#.# ...... #
#.#.###.# #.#.# ######
#####.#.###.#.###.#.# #
..................c.. #
#######.###.###.#.#.# # #.# #.#
#.# #


You could see a centaur, a friendly crimson imp and a friendly shadow imp.

Vanquished Creatures
  A hound (D:6)
  A worker ant (D:6)
  A hound zombie (D:6)
  2 adders (D:2)
  A dart slug (D:2)
  3 leopard geckos
  2 ball pythons (D:2)
  3 bats (D:2)
  2 giant cockroaches (D:2)
  6 hobgoblins
  5 kobolds
  5 frilled lizards
  7 goblins
  10 rats
49 creatures vanquished.

Vanquished Creatures (collateral kills)
  An adder (D:6)
  A dart slug (D:1)
  A hobgoblin (D:1)
  A rat (D:1)
4 creatures vanquished.

Grand Total: 53 creatures vanquished

Notes
Turn   | Place    | Note
-------+----------+-------------------------------------------
     0 | D:1      | Torikoriko the Deep Elf Wizard began the quest for the Orb.
     0 | D:1      | Reached XP level 1. HP: 10/10 MP: 7/7
   565 | D:1      | Reached XP level 2. HP: 15/15 MP: 6/9
   581 | D:1      | Learned a level 2 spell: Blink
   584 | D:1      | Learned a level 2 spell: Call Imp
  1357 | D:2      | Reached XP level 3. HP: 19/19 MP: 2/11
  1533 | D:2      | Found a shattered altar of Ashenzari.
  1538 | D:2      | Saw a vision of the Shoals and the Snake Pit.
  1538 | D:2      | Noticed a merfolk
  1538 | D:2      | Noticed a hippogriff
  1538 | D:2      | Noticed a mana viper
  1538 | D:2      | Noticed a hippogriff
  1538 | D:2      | Noticed a black mamba
  1538 | D:2      | Noticed a hippogriff
  1538 | D:2      | Noticed a merfolk
  1538 | D:2      | Noticed a hippogriff
  1538 | D:2      | Noticed a merfolk siren
  1538 | D:2      | Noticed a sea snake
  1538 | D:2      | Noticed a centaur
  1541 | D:2      | Noticed a mana viper
  1775 | D:2      | Found a shattered altar of Ashenzari.
  1791 | D:2      | Found a sacrificial altar of Ru.
  1796 | D:2      | Learned a level 3 spell: Mephitic Cloud
  1830 | D:2      | Found a hazy altar of Hepliaklqana.
  2422 | D:2      | Learned a level 3 spell: Conjure Flame
  2600 | D:2      | Reached XP level 4. HP: 20/24 MP: 10/12
  2673 | D:2      | Reached skill level 5 in Spellcasting
  2798 | D:3      | You fall through a shaft for 3 floors!
  2877 | D:6      | Noticed a centaur
  2944 | D:6      | Noticed an ogre
  3124 | D:6      | Noticed a centaur
  3124 | D:6      | Shot with an arrow by a centaur

Skill      XL: |  1  2  3  4 |
---------------+-------------+-----
Conjurations   | 2 |  2.7
Dodging        | 3 |  3.5
Spellcasting   | 5 |  5.2
Summonings     | 2 |  2.3
Translocations | 2 |  2.2
Stealth        | |  2.4

Action                   |  1- 3 |  4- 6 || total
-------------------------+-------+-------++-------
Melee: Unarmed           |     4 |       ||     4
       Dagger            |    42 |     4 ||    46
 Cast: Magic Dart        |    75 |    23 ||    98
       Call Imp          |     4 |     2 ||     6
       Mephitic Cloud    |       |     2 ||     2
       Conjure Flame     |       |     1 ||     1
  Use: Scroll            |       |     4 ||     4
 Stab: Sleeping          |     2 |       ||     2
  Eat: Chunk             |     5 |     1 ||     6
Armor: Robe              |     5 |     5 ||    10
Dodge: Dodged            |    43 |    12 ||    55
